 Dungeon Crawl Stone Soup version 0.27.1 (webtiles) character file.

Game seed: 6102292690390630834

2538 Gwenloh the Carver (level 9, -5/71 HPs)
             Began as a Human Fighter on Aug 31, 2021.
             Was a Believer of Yredelemnul.
             Killed from afar by a white imp (12 damage)
             ... with a puff of frost
             ... summoned by a kobold demonologist
             ... on level 5 of the Dungeon.
             The game lasted 00:33:43 (10538 turns).

Gwenloh the Carver (Human Fighter)                 Turns: 10538, Time: 00:33:44

Health: -5/71      AC: -3    Str: 17    XL:     9   Next: 85%
Magic:  0/13       EV:  5    Int:  9    God:    Yredelemnul [**....]
Gold:   235        SH: 11    Dex: 21    Spells: 8/8 levels left

rFire    . . .     SeeInvis .   a - +0 long sword
rCold    . . .     Faith    .   c - +1 kite shield
rNeg     . . .     Spirit   +   n - +0 chain mail
rPois    +         Reflect  .   (no helmet)
rElec    .         Harm     .   (no cloak)
rCorr    .         Rampage  .   i - +1 pair of gloves
Will     .....                  (no boots)
Stlth    ..........             y - amulet of guardian spirit
HPRegen  0.21/turn              k - ring of poison resistance
MPRegen  0.13/turn              o - +6 ring of dexterity

@: about to teleport, corroded, studying Fighting
A: no striking features
a: Renounce Religion, Animate Remains, Recall Undead Slaves, Injury Mirror


You were on level 5 of the Dungeon.
You worshipped Yredelemnul.
Yredelemnul was pleased with you.
You visited 1 branch of the dungeon, and saw 8 of its levels.

You collected 235 gold pieces.

Inventory:

Hand Weapons
 a - a +0 long sword (weapon)
 C - a +1 falchion of flaming
Missiles
 g - 73 bolts
 m - 54 sling bullets
 p - 264 stones (quivered)
 w - 8 javelins
 x - 4 poisoned darts
 A - 5 atropa-tipped darts
Armour
 c - a +1 kite shield (worn)
 i - a +1 pair of gloves (worn)
 n - a +0 chain mail (worn)
Jewellery
 k - a ring of poison resistance (left hand)
 o - a +6 ring of dexterity (right hand)
 u - an amulet of reflection
 y - an amulet of guardian spirit (around neck)
Wands
 d - a wand of flame (12)
Scrolls
 e - 2 scrolls of fear
 f - 3 scrolls of teleportation
 j - a scroll of amnesia
 v - a scroll of enchant weapon {unknown}
 B - a scroll of holy word {unknown}
Potions
 h - 2 potions of magic {unknown}
 l - a potion of mutation {unknown}
 q - a potion of flight {unknown}
 r - 2 potions of brilliance {unknown}
 s - 3 potions of curing {unknown}
 z - 2 potions of haste {unknown}
 D - a potion of cancellation {unknown}


   Skills:
 + Level 6.5 Fighting
 * Level 8.8 Long Blades
 + Level 6.1 Armour
 - Level 3.2 Shields
 + Level 5.4 Invocations


You had 8 spell levels left.
You didn't know any spells.
Your spell library contained the following spells:

 Spells                   Type           Power      Damage    Failure   Level
 Summon Small Mammal      Summ           0%         N/A       100%        1
 Slow                     Hex            0%         N/A       100%        2
 Static Discharge         Conj/Air       0%         N/A       100%        2
 Call Canine Familiar     Summ           0%         N/A       100%        3
 Confusing Touch          Hex            0%         N/A       100%        3
 Portal Projectile        Hex/Tloc       0%         N/A       100%        3
 Summon Guardian Golem    Hex/Summ       0%         N/A       100%        3
 Vampiric Draining        Necr           0%         2d6       100%        3
 Blade Hands              Tmut           0%         N/A       100%        5
 Excruciating Wounds      Necr           0%         N/A       100%        5
 Lightning Bolt           Conj/Air       0%         1d11      100%        5
 Maxwell's Capacitive Co  Air            0%         ∞         100%        8


Dungeon Overview and Level Annotations

Branches:
Dungeon (8/15)             Temple (0/1) D:4
   Lair: D:8-11

Altars:
Fedhas
Hepliaklqana
Kikubaaqudgha
Qazlal
Trog
Yredelemnul

Shops:
D:3 [


Message History

The rust devil corrodes you!
The kobold demonologist hits you with a +0 dagger.
You hit the kobold demonologist but do no damage.
The kobold demonologist is lightly wounded.
The kobold demonologist gestures wildly while chanting.
You block the rust devil's attack.
You closely miss the kobold demonologist.
The kobold demonologist is lightly wounded.
The ufetubus hits you. x2
The kobold demonologist looks encouraged for a moment.
You block the rust devil's attack. The ufetubus hits you.
* * * LOW HITPOINT WARNING * * *
You block the ufetubus's attack. x2; The ufetubus barely misses you.
You block the sixfirhy's attack. The ufetubus hits you.
* * * LOW HITPOINT WARNING * * *
You block the ufetubus's attack.
Okay, then.
As you read the scroll of teleportation, it crumbles to dust.
You feel strangely unstable. The ufetubus completely misses you.
The ufetubus hits you.
* * * LOW HITPOINT WARNING * * *
The kobold demonologist casts a spell.
The ufetubus hits you. You block the ufetubus's attack.
Your surroundings suddenly seem different.
The white imp gestures at you. The puff of frost hits you!
* * * LOW HITPOINT WARNING * * *
You see here a +0 giant club.
You can't see any enemies this would affect, really read the scroll of fear? [Y]es or [N]o only, please.
You can't see any enemies this would affect, really read the scroll of fear?
Okay, then.
Unknown command.
As you read the scroll of teleportation, it crumbles to dust.
You feel strangely unstable. The white imp gestures at you.
The puff of frost hits you!
You die...
Your body rises from the dead as a mindless zombie.

#...#######...########...
#....#....#....#.....#...
#....#....#....#.....#...
#....#....#....'.....#...
#....#...(#....#.....#...
#....#../.#....#.....#...
#....#....#)..######.####
#....#....#...#......#
#....#..@5#...'......#
#....#....#...#......#
#...5#.5..#...#......#
#..K3#....#...#......#
#..4.#3...#...#......#
#....'....#...#......#
###############......#
########


You could see a neqoxec (summoned), a white imp (summoned) and a shadow imp
(summoned).

Vanquished Creatures
  Duvessa (D:5)
  A water moccasin (D:6)
  5 black bears
  A sky beast (D:6)
  2 necrophages
  An ogre (D:5)
  2 phantoms (D:6)
  2 bullfrogs (D:6)
  2 scorpions (D:4)
  Dowan (D:5)
  A water moccasin skeleton (D:6)
  A howler monkey (D:6)
  A bullfrog zombie (D:5)
  4 hounds
  2 jellies
  A centaur skeleton (D:6)
  3 iguanas (D:6)
  4 orc wizards
  A killer bee zombie (D:6)
  A hound skeleton (D:4)
  A howler monkey skeleton (D:5)
  A howler monkey zombie (D:6)
  3 adders
  An ufetubus (D:5)
  An adder skeleton (D:4)
  4 worms
  5 orcs
  10 bats
  7 endoplasms
  4 giant cockroaches
  9 goblins
  4 hobgoblins
  4 jackals (D:2)
  3 kobolds
  3 quokkas
  3 ball pythons
  A frilled lizard (D:3)
  3 rats
104 creatures vanquished.

Vanquished Creatures (collateral kills)
  Sigmund (D:5)
  A steam dragon (D:5)
  Edmund (D:5)
  A black bear (D:6)
  3 scorpions
  A water moccasin skeleton (D:4)
  A bullfrog zombie (D:6)
  A hound (D:6)
  A bullfrog skeleton (D:5)
  An iguana (D:4)
  A hound skeleton (D:5)
  A gnoll (D:4)
  A worm (D:2)
  2 orcs
  An endoplasm (D:3)
  A goblin (D:4)
  A hobgoblin (D:4)
  2 kobolds
  A rat (D:2)
23 creatures vanquished.

Vanquished Creatures (others)
  A black bear skeleton (D:6)
  A bullfrog zombie (D:6)
  A hobgoblin zombie (D:4)
  A hound zombie (D:6)
  An ogre zombie (D:5)
  A quokka zombie (D:4)
  A scorpion zombie (D:6)
  A sky beast zombie (D:6)
  2 fungi (D:1)
  10 plants (D:4)
20 creatures vanquished.

Grand Total: 147 creatures vanquished

Notes
Turn   | Place    | Note
-------+----------+-------------------------------------------
     0 | D:1      | Gwenloh the Human Fighter began the quest for the Orb.
     0 | D:1      | Reached XP level 1. HP: 18/18 MP: 1/1
   173 | D:1      | Reached XP level 2. HP: 22/24 MP: 2/2
   471 | D:1      | Reached skill level 3 in Long Blades
   543 | D:1      | Found a faded altar of an unknown god.
   792 | D:1      | Became a worshipper of Yredelemnul the Dark
   792 | D:1      | Reached * piety under Yredelemnul
   837 | D:1      | Reached XP level 3. HP: 14/29 MP: 3/3
  1872 | D:2      | Reached skill level 4 in Long Blades
  1872 | D:2      | Reached XP level 4. HP: 22/35 MP: 4/4
  2237 | D:2      | Noticed a black bear
  2463 | D:3      | Found Oneapsit's Antique Armour Boutique.
  3027 | D:3      | Reached ** piety under Yredelemnul
  3040 | D:3      | Reached XP level 5. HP: 5/41 MP: 5/5
  4516 | D:4      | Reached skill level 5 in Long Blades
  4516 | D:4      | Reached skill level 1 in Invocations
  4516 | D:4      | Reached XP level 6. HP: 16/47 MP: 3/6
  4842 | D:4      | Found a staircase to the Ecumenical Temple.
  5226 | D:4      | Reached XP level 7. HP: 33/53 MP: 8/8
  5535 | D:4      | Found an ancient bone altar of Kikubaaqudgha.
  6177 | D:4      | Found a hazy altar of Hepliaklqana.
  6400 | D:5      | Entered Level 5 of the Dungeon
  6407 | D:5      | Reached skill level 6 in Long Blades
  6574 | D:5      | Noticed Sigmund
  6592 | D:6      | Reached XP level 8. HP: 50/61 MP: 10/10
  7112 | D:6      | Reached skill level 5 in Fighting
  7112 | D:6      | Reached skill level 7 in Long Blades
  7112 | D:6      | Reached skill level 5 in Armour
  7469 | D:6      | Reached XP level 9. HP: 65/68 MP: 12/12
  8155 | D:6      | Reached skill level 8 in Long Blades
  9169 | D:5      | Identified a scroll of acquirement
  9170 | D:5      | Acquired a manual of Fighting
  9185 | D:5      | Found a bloodstained altar of Trog.
  9186 | D:5      | Found a blossoming altar of Fedhas.
  9226 | D:5      | Noticed Duvessa
  9226 | D:5      | Noticed Dowan
  9241 | D:5      | Killed Duvessa
  9242 | D:5      | Reached skill level 5 in Invocations
  9245 | D:5      | Killed Dowan
  9556 | D:5      | Killed Sigmund
  9606 | D:5      | Found a stormy altar of Qazlal.
  9672 | D:5      | Noticed Edmund
  9678 | D:5      | Killed Edmund
  9999 | D:5      | Noticed a kobold demonologist
 10001 | D:5      | Noticed a hellwing
 10003 | D:5      | Noticed an ice devil
 10013 | D:5      | Noticed a red devil
 10028 | D:5      | Noticed an orange demon
 10521 | D:5      | Noticed a rust devil
 10527 | D:5      | Noticed a sixfirhy
 10538 | D:5      | Killed from afar by a white imp

Illustrated notes

Levels and vault maps discovered:
D:1:      nagdon_arrival_zigzag_paths, layout_basic,
          shapermc_ecumenical_altar_mp_urbaneastern, corner_web_ring,
          corexii_hall_statues_t
D:2:      kennysheep_big_flooded_room, layout_rooms, kennysheep_minor_cross,
          lightli_corner_chamber
D:3:      layout_basic, serial_shops, shop
D:4:      layout_cave_pools, marbit_many_paths, kennysheep_mini,
          minmay_temple_entry_waves, serial_forest,
          infiniplex_forest_clump_small, infiniplex_forest_clump_medium,
          infiniplex_forest_lined_3_way, infiniplex_forest_split,
          infiniplex_forest_straight_5, infiniplex_forest_clump_small,
          infiniplex_forest_clump_small, infiniplex_forest_fountain,
          infiniplex_forest_corner_1, minmay_increasing_density
D:5:      layout_gridville, nicolae_qazlal_eye_of_the_storm,
          chequers_temple_overflow_statue_of_worship, sigmund_edmund_badplayer,
          uniq_duvessa
D:6:      minmay_diamond_boxcup, layout_rooms, serial_co_window_serial,
          co_window_paths_b, co_window_paths_a, co_window_corner_a,
          co_window_cross_1, co_window_cross_1, co_window_unsneaky_path_e,
          co_window_unsneaky_path_d, co_window_cross_2, co_window_corner_ca,
          co_window_broadway_a, glass_columns_a, glass_columns_a,
          glass_columns_a, glass_columns_a, glass_columns_c
D:7:      layout_cave_pools, nemelex_spade_bored_becter, serial_gnoll_camp,
          gnoll_camp_mini_doghouse, gnoll_camp_mini_basic,
          gnoll_camp_mini_doghouse, gnoll_camp_mini_doghouse,
          gnoll_camp_mini_loothouse, minmay_chambers_of_fives
D:8:      layout_cave_pools, pdpol_temple_overflow_zin_treasury_gozag_greed,
          uniq_prince_ribbit1

Skill      XL: |  1  2  3  4  5  6  7  8  9 |
---------------+----------------------------+-----
Long Blades    | 3 4 5 6 7 8 |  8.8
Invocations    | 1 3 4 5 |  5.4
Fighting       | 4 5 6 |  6.5
Armour         | 4 5 6 |  6.1
Shields        | |  3.2

Action                   |  1- 3 |  4- 6 |  7- 9 || total
-------------------------+-------+-------+-------++-------
Melee: Long sword        |    98 |   120 |   277 ||   495
Throw: Stone             |       |    29 |    26 ||    55
Invok: Animate Remains   |     3 |     6 |     9 ||    18
       Recall Undead Sla |       |     1 |       ||     1
       Injury Mirror     |       |       |     3 ||     3
Evoke: Wand              |       |       |     4 ||     4
  Use: Potion            |       |     1 |     2 ||     3
       Scroll            |       |       |    10 ||    10
 Stab: Distracted        |       |       |     2 ||     2
Armor: Scale mail        |    19 |       |     7 ||    26
       Ring mail         |    41 |    36 |    79 ||   156
       Chain mail        |       |       |    28 ||    28
Dodge: Dodged            |    31 |    37 |   100 ||   168
Block: Kite shield       |    50 |    57 |   149 ||   256
       Rpst.: Long sword |    10 |    11 |    21 ||    42
